Map: Lost and Found LE

Players

SpeCial

  • Race: Terran Terran
  • Spawn Location: 1:00

Stats - Winner!

  • Race: Protoss Protoss
  • Spawn Location: 7:00

Event: 2018 WCS Global Finals

VOD

Have the link to the VOD?

Description

Time

  • Played on: Nov. 2, 2018, 4:41 p.m.
  • Length: 17:46

All games in this series

Show
View Real Time Build Order
Export as new Build Order

SpeCial Terran 

Build Orders: Reaper Expand 

Get SALT Encoding   

  12  0:00  SCV  
  13  0:12  SCV  
  14  0:17  Supply Depot  
  14  0:25  SCV  
  15  0:39  SCV  
  15  0:40  Barracks  
  16  0:43  Refinery  
  16  0:51  SCV  
  17  1:03  SCV  
  18  1:15  SCV  
  19  1:28  Reaper  
  19  1:29  Orbital Command  
  20  1:41  Command Center  
  20  1:51  Supply Depot  
  20  1:55  SCV  
  20  2:00  Marine  
  22  2:08  Factory  
  22  2:09  SCV  
  23  2:20  Barracks Reactor  
  23  2:21  SCV  
  24  2:29  Refinery  
  24  2:33  SCV  
  25  2:45  SCV  
  26  2:55  Starport  
  26  2:56  Orbital Command  
  26  2:57  Marine x2  
  28  3:03  Hellion  
  28  3:05  SCV  
  30  3:16  Barracks  
  30  3:17  Marine x2  
  32  3:20  SCV  
  32  3:26  SCV  
  33  3:30  Cyclone  
  33  3:32  SCV  
  37  3:36  Marine x2  
  37  3:39  SCV  
  40  3:44  SCV  
  40  3:51  SCV  
  40  3:55  Starport Tech Lab  
  40  3:56  Bunker  
  40  3:58  SCV  
  41  4:03  SCV  
  41  4:05  Supply Depot  
  41  4:06  Factory Tech Lab  
  41  4:07  Marine  
  41  4:08  Marine  
  44  4:10  SCV  
  44  4:15  Cloaking Field  
  45  4:21  SCV  
  46  4:27  Banshee  
  46  4:28  SCV, Supply Depot  
  50  4:36  Siege Tank  
  50  4:37  Marine  
  50  4:38  Marine  
  54  4:44  Supply Depot  
  54  4:50  Marine, SCV x2  
  54  4:51  Supply Depot  
  57  5:02  SCV x2  
  59  5:07  Marine x2, Supply Depot  
  59  5:08  Marine  
  59  5:09  Siege Tank  
  59  5:10  Banshee  
  68  5:14  SCV x2  
  68  5:19  Command Center  
  70  5:26  SCV  
  70  5:27  SCV  
  72  5:30  Supply Depot  
  72  5:31  Barracks Tech Lab  
  72  5:32  Marine x2  
  74  5:38  SCV  
  74  5:39  SCV  
  74  5:40  Barracks  
  76  5:44  Refinery x2  
  76  5:46  Siege Tank  
  79  5:50  SCV  
  79  5:51  SCV, Engineering Bay  
  79  5:53  Marine  
  79  5:54  Marine  
  79  5:56  Marine  
  82  6:03  Stimpack  
  79  6:06  SCV x2  
  79  6:10  Engineering Bay  
  79  6:11  Marine  
  82  6:14  Banshee  
  82  6:18  SCV x2  
  86  6:22  Marine x2  
  89  6:30  SCV x2  
  89  6:32  Terran Infantry Weapons Level 1  
  91  6:37  SCV  
  91  6:39  Marine  
  87  6:42  SCV x2  
  87  6:45  Marine x2, Combat Shield  
  87  6:46  Barracks  
  80  6:54  SCV  
  80  6:58  Factory Reactor  
  80  7:00  Orbital Command  
  74  7:01  Terran Infantry Armor Level 1  
  74  7:02  Starport  
  74  7:04  Marine x4  
  74  7:05  Missile Turret  
  77  7:14  Barracks  
  77  7:18  Missile Turret  
  77  7:20  SCV x2  
  79  7:23  Marine x2  
  79  7:24  Marauder x2  
  79  7:25  Supply Depot  
  85  7:37  Barracks Tech Lab  
  85  7:38  Barracks Reactor  
  85  7:42  Marine  
  85  7:43  Marine  
  87  7:44  Missile Turret  
  87  7:45  Marauder, Orbital Command  
  87  7:46  Marauder, Medivac x2  
  87  7:50  SCV x2  
  97  7:51  Factory Reactor  
  97  8:00  Marine x2  
  97  8:01  Missile Turret, Supply Depot  
  99  8:07  Marauder x2, Barracks Tech Lab  
  99  8:09  SCV  
  99  8:11  SCV x2, Supply Depot  
  106  8:16  Concussive Shells, Medivac x2  
  106  8:18  Marine x2  
  112  8:23  Medivac  
  114  8:28  Marauder x2  
  114  8:30  Armory  
  114  8:32  Marine  
  114  8:33  Marine  
  119  8:34  Widow Mine x2  
  119  8:36  Marine x2  
  123  8:41  Sensor Tower, Refinery  
  123  8:43  Marauder  
  123  8:45  Missile Turret  
  125  8:50  Supply Depot  
  125  8:51  Marauder, Marine x2, Supply Depot  
  125  8:52  Marauder  
  125  8:54  Missile Turret  
  131  8:57  SCV x2  
  133  9:12  Marauder, Marine x2, Widow Mine x2  
  133  9:13  Marine x3, SCV, Supply Depot  
  144  9:19  Marauder  
  125  9:30  Marine x4, SCV  
  125  9:31  Marauder, SCV x2  
  122  9:34  Marauder, Widow Mine x2  
  117  9:40  Marauder  
  117  9:45  Terran Infantry Weapons Level 2  
  108  9:47  Marine x2  
  108  9:48  Marine x2, SCV x3  
  108  9:52  Marauder  
  110  9:54  Liberator  
  110  9:55  Marauder, Widow Mine x2  
  110  9:58  Terran Infantry Armor Level 2  
  115  10:00  SCV  
  115  10:01  Marauder  
  115  10:04  Liberator  
  115  10:05  Marine x2  
  120  10:10  Marine  
  120  10:11  Marine  
  128  10:16  Widow Mine x2  
  128  10:17  Supply Depot  
  128  10:19  Supply Depot  
  129  10:22  Refinery  
  130  10:30  Marine  
  130  10:31  Marauder x2, Marine x2  
  137  10:37  Liberator  
  137  10:38  Widow Mine x2  
  137  10:41  Marauder  
  141  10:44  Marine  
  141  10:48  Marine  
  141  10:49  Marine  
  143  10:51  Marine  
  143  10:52  Marauder  
  143  10:53  Marauder  
  143  10:54  Supply Depot  
  152  10:59  Widow Mine x2  
  152  11:01  Marine  
  157  11:07  Supply Depot  
  157  11:08  Command Center  
  157  11:09  Supply Depot  
  157  11:12  Marine, Liberator  
  157  11:15  Marine  
  157  11:16  Marauder x2, Marine  
  162  11:18  Marine  
  162  11:20  Marauder  
  162  11:21  Widow Mine x2  
  158  11:30  Marine  
  152  11:33  Marine x2  
  152  11:37  Marauder x2, SCV  
  152  11:38  SCV x2  
  161  11:41  Marauder  
  161  11:42  Widow Mine x2, Medivac  
  169  11:48  Liberator  
  169  11:52  Marine  
  170  11:58  Marauder  
  170  11:59  Liberator  
  170  12:00  Marine x2  
  170  12:01  Marauder  
  176  12:08  Marauder  
  181  12:17  Marine  
  181  12:19  Marine x3  
  181  12:20  Marauder  
  181  12:22  Marauder  
  186  12:29  Marauder  
  181  12:33  SCV x2  
  181  12:35  Marine  
  170  12:37  Marine x3  
  170  12:40  SCV  
  170  12:41  Marauder  
  170  12:43  Marauder  
  167  12:46  SCV  
  167  12:50  Planetary Fortress  
  167  12:51  Marauder  
  168  12:53  Marine  
  168  12:54  Medivac  
  168  12:57  Marine  
  172  13:00  Marine  
  172  13:03  Marauder  
  173  13:08  SCV x3  
  175  13:15  Widow Mine x2  
  147  13:20  Marine x2, SCV  
  147  13:21  Marauder  
  147  13:25  Marine  
  147  13:26  Marauder  
  115  13:28  SCV  
  115  13:33  SCV x2  
  101  13:35  SCV  
  101  13:36  Widow Mine  
  101  13:37  Marauder, Marine  
  101  13:38  Marine  
  101  13:40  SCV  
  109  13:45  Terran Infantry Weapons Level 3  
  109  13:46  Marine  
  110  13:54  Widow Mine  
  112  13:56  SCV  
  112  13:57  SCV x3  
  112  14:00  Marauder, Marine  
  112  14:01  Liberator  
  121  14:03  Widow Mine  
  121  14:05  Liberator  
  121  14:09  Terran Infantry Armor Level 3  
  121  14:10  Marine  
  121  14:13  Marine  
  121  14:15  Widow Mine  
  125  14:23  Marauder  
  133  14:25  Marine  
  133  14:26  Marauder, Marine  
  133  14:27  Marine  
  136  14:35  SCV x2  
  129  14:38  Marine x2  
  129  14:45  Marauder x2  
  134  14:47  Marauder, Widow Mine x2, Marine x2  
  140  14:53  Supply Depot  
  140  14:56  Marine  
  140  14:59  SCV x2  
  143  15:02  Marine  
  143  15:05  Marine  
  143  15:06  Marauder x2, Medivac  
  151  15:08  Widow Mine x2, Medivac  
  151  15:09  Marauder  
  151  15:11  Medivac  
  161  15:15  Marine x2  
  161  15:19  Supply Depot  
  163  15:23  Marine  
  163  15:27  Marauder  
  163  15:28  Marauder, Liberator  
  168  15:32  Marauder, Marine  
  168  15:33  Orbital Command  
  171  15:36  Medivac  
  171  15:37  Widow Mine x2  
  171  15:38  Medivac  
  174  15:50  SCV x3  
  173  15:57  Missile Turret, Marine x2  
  173  15:58  Marauder, Widow Mine  
  173  16:02  Marine, SCV  
  173  16:03  Marauder  
  183  16:05  Marine  
  183  16:06  Marauder  
  186  16:15  Marine x2  
  181  16:19  Marauder  
  181  16:20  Marine  
  181  16:23  Marine  
  181  16:24  Marauder  
  179  16:27  Marauder  
  181  16:33  Marine  
  179  16:42  Marine  
  179  16:43  Marine  
  179  16:44  Marine  
  172  16:47  Marauder  
  172  16:48  Marauder x2  
  142  17:06  Marine x3  
  142  17:07  Marine  
  131  17:09  Marauder x2  
  131  17:10  Marauder  
  96  17:24  Marine x2  
  96  17:25  Marine  
Show
View Real Time Build Order
Export as new Build Order

Stats Protoss - Winner!

Build Orders: 1 Gate Expand, Double Forge, Blink Stalkers 

Get SALT Encoding   

  12  0:00  Probe  
  13  0:12  Probe  
  14  0:18  Pylon  
  14  0:24  Probe  
  15  0:32  Probe  
  15  0:37  Gateway  
  15  0:40  Probe  
  16  0:46  Assimilator  
  17  0:51  Probe  
  18  1:03  Probe  
  19  1:15  Probe  
  20  1:24  Cybernetics Core  
  20  1:33  Nexus  
  20  1:39  Pylon  
  20  1:40  Probe  
  21  1:47  Assimilator  
  21  1:52  Adept  
  21  1:53  Probe  
  24  2:03  Warp Gate  
  24  2:05  Probe  
  25  2:09  Stalker  
  24  2:17  Probe  
  27  2:29  Probe  
  28  2:37  Stalker  
  28  2:41  Probe  
  28  2:43  Probe  
  31  2:46  Twilight Council  
  31  2:51  Probe  
  32  2:53  Probe  
  34  3:00  Probe  
  34  3:05  Probe  
  36  3:07  Gateway  
  36  3:09  Probe  
  37  3:14  Blink  
  37  3:17  Probe x2  
  38  3:26  Probe  
  39  3:29  Probe  
  39  3:31  Stalker  
  43  3:36  Pylon  
  43  3:39  Probe  
  44  3:41  Probe  
  45  3:51  Probe  
  45  3:54  Probe  
  47  3:57  Robotics Facility  
  47  4:03  Probe  
  47  4:05  Assimilator  
  47  4:07  Probe  
  49  4:12  Pylon, Stalker  
  49  4:13  Stalker  
  49  4:15  Probe  
  54  4:29  Pylon  
  54  4:35  Probe  
  54  4:36  Probe  
  54  4:38  Observer  
  55  4:39  Stalker x2  
  55  4:44  Nexus  
  55  4:45  Pylon  
  60  4:49  Forge x2  
  60  4:54  Probe x2  
  60  4:56  Observer  
  63  5:05  Stalker x2  
  63  5:06  Probe  
  63  5:07  Probe  
  69  5:12  Charge, Protoss Ground Weapons Level 1  
  69  5:14  Pylon  
  69  5:16  Protoss Ground Armor Level 1  
  69  5:21  Probe x2  
  71  5:29  Gateway  
  71  5:32  Gateway  
  71  5:34  Gateway  
  71  5:40  Gateway  
  71  5:45  Immortal  
  75  5:50  Gateway  
  74  6:01  Probe  
  74  6:02  Probe  
  74  6:03  Probe  
  75  6:06  Gateway  
  75  6:07  Pylon  
  75  6:14  Probe x2, Shield Battery  
  75  6:15  Probe  
  78  6:26  Probe x2  
  78  6:27  Stalker x2  
  78  6:30  Stalker x2  
  87  6:39  Stalker x2  
  75  6:51  Probe x2, Protoss Ground Weapons Level 2  
  75  6:52  Protoss Ground Armor Level 2  
  77  6:55  Nexus  
  75  7:02  Warp Prism  
  75  7:03  Probe x2  
  79  7:15  Probe  
  79  7:29  Probe x2  
  81  7:31  Shield Battery  
  81  7:36  Nexus  
  81  7:38  Pylon  
  81  7:39  Observer  
  81  7:44  Sentry x2  
  84  7:49  Shield Battery  
  86  7:53  Probe x2  
  88  7:58  Pylon  
  88  8:00  Pylon  
  88  8:05  Zealot x3  
  94  8:06  Zealot  
  96  8:14  Zealot x4  
  104  8:21  Immortal  
  108  8:35  Gateway x2  
  108  8:40  Zealot x6  
  120  8:43  Zealot  
  120  8:45  Zealot  
  124  8:54  Probe x2  
  124  8:55  Probe x2  
  128  9:06  Zealot x6  
  128  9:08  Zealot  
  142  9:10  Protoss Ground Weapons Level 3  
  142  9:11  Protoss Ground Armor Level 3, Zealot  
  117  9:28  Zealot x6  
  117  9:29  Zealot  
  113  9:36  Probe x3  
  113  9:37  Probe  
  87  9:51  Sentry x2, Stalker x3  
  87  9:52  Stalker  
  91  9:56  Immortal  
  91  9:58  Stalker x3  
  95  10:00  Stalker  
  101  10:19  Zealot x3  
  101  10:20  Zealot x3  
  113  10:21  Zealot x3  
  113  10:24  Zealot  
  121  10:40  Stalker  
  121  10:41  Probe, Stalker x2  
  121  10:42  Probe x3  
  122  10:46  Zealot x5  
  122  10:47  Zealot  
  134  10:50  Zealot  
  134  10:54  Probe x4  
  140  11:02  Immortal  
  144  11:10  Nexus  
  144  11:15  Stalker x2  
  146  11:21  Zealot x2  
  146  11:22  Zealot  
  108  11:33  Protoss Shields Level 1  
  108  11:35  Sentry x2, Stalker x3  
  118  11:41  Zealot x4  
  118  11:42  Zealot  
  128  12:00  Zealot x5  
  137  12:03  Zealot x4  
  137  12:04  Zealot  
  147  12:12  Pylon x3  
  147  12:13  Pylon  
  147  12:25  Zealot x6  
  159  12:32  Zealot x4  
  161  12:48  Zealot  
  161  12:49  Zealot x5  
  169  13:06  Protoss Shields Level 2  
  165  13:13  Zealot x3  
  165  13:17  Immortal  
  137  13:20  Zealot x7  
  99  13:41  Assimilator  
  89  13:42  Sentry x2  
  89  13:43  Robotics Bay, Zealot x7  
  89  13:44  Robotics Facility  
  89  13:47  Assimilator  
  89  13:48  Assimilator  
  107  13:55  Pylon  
  105  14:00  Observer  
  106  14:05  Probe x4  
  106  14:09  Probe  
  110  14:10  Zealot x6  
  123  14:17  Probe x5  
  123  14:19  Stalker x2  
  123  14:22  Stalker x2  
  136  14:26  Assimilator  
  136  14:27  Probe  
  137  14:34  Disruptor x2  
  137  14:37  Probe x3  
  133  14:39  Probe  
  133  14:41  Probe  
  139  14:51  Zealot  
  139  14:52  Zealot x3  
  147  14:54  Zealot x2, Stalker x2  
  147  14:57  Zealot  
  157  15:00  Zealot  
  159  15:11  Disruptor x2  
  159  15:13  Probe x2  
  159  15:14  Probe x2  
  163  15:27  Stalker x4  
  177  15:29  Stalker  
  179  15:40  Dark Shrine  
  169  15:50  Probe x4  
  169  15:55  Disruptor  
  171  15:58  Stalker x3  
  171  15:59  Disruptor, Zealot x4, Stalker  
  193  16:12  Stalker  
  195  16:21  Zealot x2  
  195  16:34  Stalker x2  
  195  16:49  Zealot x4  
  195  16:50  Zealot  
  195  16:52  Zealot x3  
  187  17:06  Dark Templar x2  
  141  17:17  Dark Templar x2  
  141  17:18  Zealot x5  
  117  17:40  Zealot x7  
  117  17:41  Zealot  
Tags
 
Add a new tag
Caveats
  • Supply blocks, unpowered buildings, or Contaminate may cause inaccurate times.
  • Supply counts are checked every 10 seconds.